[Event "Titled Tuesday Blitz July 25 Early 2023"]
[White "Ashraf, Artin"]
[Black "Pourkashiyan, Atousa"]
[WhiteFideId "22514805"]
[BlackFideId "12502014"]
[WhiteElo "2797"]
[BlackElo "2429"]
[Result "1-0"]
[Round "1"]
[TimeControl "180+2"]
[Date "2023.07.25"]
[WhiteClock "0:00:03"]
[BlackClock "0:00:01"]
[Board "72"]

1. Nf3 Nf6 2. d4 d5 3. Bf4 e6 4. e3 c5 5. Nbd2 Nc6 6. c3 Bd6 7. dxc5 Bxc5 8. Bd3 Bd6 9. Bxd6 Qxd6 10. O-O O-O 11. e4 dxe4 12. Nxe4 Nxe4 13. Bxe4 Qxd1 14. Raxd1 f5 15. Bxc6 bxc6 16. Rd6 Rb8 17. b3 c5 18. Rc6 Bb7 19. Rxc5 Bxf3 20. gxf3 Rfd8 21. Re1 Rb6 22. b4 Rd2 23. a4 a6 24. Rc7 Rbd6 25. Re5 Ra2 26. a5 h6 27. Re1 Rdd2 28. Rf1 Rd3 29. Rc6 Rxf3 30. Rxa6 Rxc3 31. Rxe6 Rc4 32. Rb6 Rg4+ 33. Kh1 Ra4 34. a6 Rgxb4 35. Rxb4 Rxb4 36. Ra1 Rb8 37. Kg2 Ra8 38. a7 Kf7 39. Kf3 Ke6 40. h4 g5 41. h5 Kd5 42. Ke3 Ke5 43. Ra5+ Kd6 44. Kd4 f4 45. Ke4 Kc6 46. Kf5 Kb6 47. Ra1 Rxa7 48. Rb1+ Kc5 49. Rd1 Ra6 50. f3 Kc4 51. Rd8 Kc3 52. Rg8 Kd3 53. Rg6 Ra5+ 54. Kg4 Ke3 55. Rxh6 Ra1 56. Re6+ Kf2 57. h6 Rg1+ 58. Kf5 Kxf3 59. Ra6 g4 60. Ra3+ Ke2 61. Kxf4 Rh1 62. Ra6 Rg1 63. Ra2+ Kd3 64. Ra5 Rh1 65. Kg5 g3 66. Ra3+ Ke4 67. Rxg3 Ke5 68. Kg6 Ra1 69. h7 Ra8 70. Kh6 Kf6 71. Rg8 Ra6 72. h8=Q+ Kf7+ 73. Kh5 Ra5+ 74. Rg5 1-0


[Site "https://www.chess.com"]

[Event "Titled Tuesday Blitz July 25 Early 2023"]
[White "JonSnowNW1"]
[Black "Hambleton, Aman"]
[BlackFideId "2606577"]
[WhiteElo "2429"]
[BlackElo "2796"]
[Result "0-1"]
[Round "1"]
[TimeControl "180+2"]
[Date "2023.07.25"]
[WhiteClock "0:00:01"]
[BlackClock "0:00:03"]
[Board "73"]

1. c4 c5 2. Nc3 b6 3. e4 Bb7 4. g3 e6 5. Bg2 g6 6. Nge2 Bg7 7. d3 Ne7 8. h4 h6 9. O-O O-O 10. Bf4 d5 11. exd5 exd5 12. Nb5 Na6 13. Nec3 Qd7 14. Nd6 g5 15. hxg5 hxg5 16. Nxb7 gxf4 17. Nxd5 Nxd5 18. Bxd5 Nb4 19. Be4 f5 20. Bg2 Rab8 21. Qh5 Rf6 22. a3 Nc6 23. b4 Rh6 24. Qg5 cxb4 25. Bd5+ Kh8 26. Kg2 Nd4 27. Rh1 f3+ 28. Bxf3 Qe6 29. Rxh6+ Bxh6 30. Rh1 Kh7 31. Bd5 Qg6 32. Qe7+ Qg7 33. Qe5 Qxe5 0-1


[Site "https://www.chess.com"]

[Event "Titled Tuesday Blitz July 25 Early 2023"]
[White "Fiorito, Joaquin"]
[Black "Carrasco Miranda, Andres"]
[WhiteFideId "180173"]
[BlackFideId "3405990"]
[WhiteElo "2793"]
[BlackElo "2429"]
[Result "1-0"]
[Round "1"]
[TimeControl "180+2"]
[Date "2023.07.25"]
[WhiteClock "0:00:05"]
[BlackClock "0:00:01"]
[Board "74"]

1. d4 Nf6 2. c4 g6 3. Nc3 d5 4. Nf3 Bg7 5. h4 dxc4 6. e4 c5 7. d5 b5 8. h5 O-O 9. hxg6 fxg6 10. e5 Ng4 11. Nxb5 Qa5+ 12. Nc3 Nxe5 13. Nxe5 Bxe5 14. Bd2 Bd4 15. Ne4 Qd8 16. Bxc4 Ba6 17. Qb3 Bxc4 18. Qxc4 Nd7 19. d6+ Kg7 20. Bh6+ Kh8 21. Bxf8 Qxf8 22. Qe2 exd6 23. O-O-O Re8 24. Qc2 Qf4+ 25. Nd2 Rb8 26. b3 Ne5 27. g3 Qxf2 28. Ne4 Qf5 29. Nxd6 Qd7 30. Ne4 Qe7 31. Qd2 Nc4 32. Qg2 Ne3 33. Qf3 Nxd1 34. Rxd1 Qg7 35. Ng5 c4 36. Nf7+ Kg8 37. Rf1 Bb2+ 38. Kb1 cxb3 39. axb3 Bf6 40. Qd5 Qxf7 41. Qd6 1-0


[Site "https://www.chess.com"]

[Event "Titled Tuesday Blitz July 25 Early 2023"]
[White "Tomaszewski, Kacper"]
[Black "Kosteniuk, Alexandra"]
[WhiteFideId "1127373"]
[BlackFideId "4128125"]
[WhiteElo "2429"]
[BlackElo "2788"]
[Result "1/2-1/2"]
[Round "1"]
[TimeControl "180+2"]
[Date "2023.07.25"]
[WhiteClock "0:00:05"]
[BlackClock "0:00:09"]
[Board "75"]

1. d4 f5 2. e4 fxe4 3. Nc3 Nf6 4. Bg5 g6 5. h4 d5 6. h5 Bg4 7. Be2 Bxe2 8. Ngxe2 Rg8 9. Nf4 Qd6 10. hxg6 hxg6 11. Bxf6 Qxf4 12. Be5 Qf7 13. Bxc7 Nc6 14. Bg3 e6 15. Nb5 O-O-O 16. Qg4 a6 17. Nc7 Qf5 18. Qxf5 exf5 19. Ne6 Re8 20. Nxf8 Rgxf8 21. O-O-O f4 22. Bh4 Rf5 23. g4 Rf7 24. Bg5 e3 25. fxe3 fxe3 26. Rhe1 e2 27. Rd2 Rf1 28. Bh4 Rxe1+ 29. Bxe1 Re4 30. c3 Nd8 31. Rd3 Ne6 32. Rf3 Rxg4 33. Kd2 Re4 34. Bg3 g5 35. Re3 Rxe3 36. Kxe3 Kd7 37. Kxe2 Kc6 38. Kd3 b5 39. b3 Ng7 40. c4 Nf5 41. Be5 bxc4+ 42. bxc4 g4 43. cxd5+ Kxd5 44. Kc3 g3 45. Bxg3 Nxg3 46. Kb4 Kc6 47. d5+ Kb6 48. d6 Ne4 49. d7 Kc7 50. Ka5 Nc5 51. d8=Q+ Kxd8 52. Kb6 Nd3 53. Kxa6 Nb4+ 54. Kb5 Nxa2 1/2-1/2


[Site "https://www.chess.com"]

[Event "Titled Tuesday Blitz July 25 Early 2023"]
[White "Lobanov, Sergei"]
[Black "Begunov, Konstantin"]
[WhiteFideId "24183750"]
[BlackFideId "4118510"]
[WhiteElo "2788"]
[BlackElo "2425"]
[Result "1-0"]
[Round "1"]
[TimeControl "180+2"]
[Date "2023.07.25"]
[WhiteClock "0:00:34"]
[BlackClock "0:00:14"]
[Board "76"]

1. d4 d5 2. c4 c6 3. Nf3 Nf6 4. e3 a6 5. Nc3 b5 6. c5 Bg4 7. Qb3 Bxf3 8. gxf3 e5 9. dxe5 Nfd7 10. f4 Nxc5 11. Qc2 Nbd7 12. b3 Qh4 13. Bb2 Be7 14. O-O-O O-O 15. Bg2 b4 16. Na4 Nxa4 17. bxa4 Nb6 18. Bf1 a5 19. Kb1 c5 20. Bb5 Rfd8 21. Rhg1 Bf8 22. Rg3 d4 23. exd4 Qxf4 24. Bc6 Rac8 25. Be4 g6 26. Rf3 Qg4 27. d5 c4 28. e6 fxe6 29. Rg3 Qf4 30. Bxg6 c3 31. Bxh7+ Kf7 32. Qg6+ Ke7 33. Qxe6# 1-0


[Site "https://www.chess.com"]

[Event "Titled Tuesday Blitz July 25 Early 2023"]
[White "Nunez V, Gustavo Eduardo"]
[Black "Nagy, Gabor"]
[WhiteFideId "4403690"]
[BlackFideId "737119"]
[WhiteElo "2424"]
[BlackElo "2787"]
[Result "0-1"]
[Round "1"]
[TimeControl "180+2"]
[Date "2023.07.25"]
[WhiteClock "0:00:12"]
[BlackClock "0:01:17"]
[Board "77"]

1. e4 c6 2. d3 d5 3. Nd2 Qc7 4. g3 e5 5. Bg2 Nf6 6. Ngf3 Bd6 7. O-O O-O 8. c4 d4 9. h3 a5 10. Nh4 Na6 11. a3 Re8 12. Ndf3 Bf8 13. Nh2 Nc5 14. f4 exf4 15. gxf4 a4 16. Ng4 Nxg4 17. hxg4 Nb3 18. Rb1 Ra5 19. g5 b5 20. cxb5 Rxb5 21. Bd2 c5 22. f5 c4 23. Bf4 Bd6 24. Bxd6 Qxd6 25. dxc4 Rc5 26. Qh5 g6 27. Qh6 d3 28. fxg6 fxg6 29. Rf6 Qd4+ 30. Kh1 d2 31. Rd1 Bg4 32. Nxg6 Qxf6 33. gxf6 Rh5+ 34. Qxh5 Bxh5 35. Ne7+ Kf7 36. Rf1 d1=Q 37. Rxd1 Bxd1 38. e5 Rxe7 39. fxe7 Kxe7 40. Be4 h6 41. Kg2 Ke6 42. Kf2 Kxe5 43. Ke3 Nc5 44. Bc6 Bb3 45. Bf3 Bxc4 46. Kd2 Bb3 47. Kc3 Bd5 48. Bd1 Kd6 49. Kb4 Bb3 50. Bh5 Nd3+ 51. Kc3 Nf4 52. Be8 Kc5 53. Kd2 Kd4 54. Ke1 Ke3 55. Kf1 h5 56. Kg1 h4 57. Kh2 Kd2 58. Bd7 Kc1 59. Kg1 Kxb2 60. Kf2 Kxa3 61. Kf3 Ng6 62. Bf5 Bf7 63. Kg4 Kb2 64. Bxg6 Bxg6 65. Kxh4 a3 66. Kg5 a2 67. Kxg6 a1=Q 68. Kf5 Qe1 69. Kf4 Kc3 70. Kg4 Kd4 0-1


[Site "https://www.chess.com"]

[Event "Titled Tuesday Blitz July 25 Early 2023"]
[White "Elsa167"]
[Black "Davidson, Kevin"]
[BlackFideId "2056810"]
[WhiteElo "2786"]
[BlackElo "2423"]
[Result "1-0"]
[Round "1"]
[TimeControl "180+2"]
[Date "2023.07.25"]
[WhiteClock "0:00:51"]
[BlackClock "0:00:01"]
[Board "78"]

1. d4 Nf6 2. c4 g6 3. Nc3 Bg7 4. e4 d6 5. h3 O-O 6. Be3 Na6 7. g4 e5 8. d5 Nc5 9. f3 a5 10. Qd2 Nfd7 11. Nge2 Nb6 12. Ng3 a4 13. h4 Bd7 14. h5 Qe7 15. Qh2 Bf6 16. g5 Bh8 17. O-O-O Rfd8 18. Kb1 Be8 19. Qc2 c6 20. Rd2 cxd5 21. cxd5 Rdc8 22. Rdh2 Bg7 23. hxg6 hxg6 24. Rh7 f6 25. Qh2 fxg5 26. Bh3 Kf8 27. Be6 Nxe6 28. dxe6 Nc4 29. Rh8+ 1-0


[Site "https://www.chess.com"]

[Event "Titled Tuesday Blitz July 25 Early 2023"]
[White "zsizsi99"]
[Black "qx4z"]
[WhiteElo "2423"]
[BlackElo "2785"]
[Result "0-1"]
[Round "1"]
[TimeControl "180+2"]
[Date "2023.07.25"]
[WhiteClock "0:00:12"]
[BlackClock "0:00:41"]
[Board "79"]

1. e4 e5 2. d4 exd4 3. Qxd4 Nc6 4. Qe3 Nf6 5. Nc3 Bb4 6. Bd2 O-O 7. O-O-O Re8 8. Qf4 d6 9. f3 Be6 10. h4 a5 11. h5 a4 12. a3 Bc5 13. g4 Nd7 14. Bb5 Nd4 15. Bxa4 b5 16. Bxb5 c6 17. Ba4 Qb6 18. b4 Bxb4 19. axb4 Qxb4 20. Be3 Nxc2 21. Kxc2 Rxa4 22. Rb1 Qc4 23. Kd2 Ne5 24. Nge2 Ra2+ 25. Ke1 Nd3+ 26. Kf1 Nxf4 27. Bxf4 Qd3 28. Rd1 Qxf3+ 0-1


[Site "https://www.chess.com"]

[Event "Titled Tuesday Blitz July 25 Early 2023"]
[White "Tsaruk, Maksim"]
[Black "Rangel, Daniel"]
[WhiteFideId "13511173"]
[BlackFideId "2124475"]
[WhiteElo "2785"]
[BlackElo "2421"]
[Result "1-0"]
[Round "1"]
[TimeControl "180+2"]
[Date "2023.07.25"]
[WhiteClock "0:01:37"]
[BlackClock "0:00:11"]
[Board "80"]

1. e4 c5 2. Nf3 g6 3. d4 cxd4 4. Nxd4 Bg7 5. c4 Nc6 6. Be3 Nf6 7. Nc3 O-O 8. Be2 d6 9. O-O Nxd4 10. Bxd4 Bd7 11. f3 Bc6 12. Qd2 Nd7 13. Bf2 a5 14. b3 Nc5 15. Rad1 e6 16. Nb5 Bxb5 17. cxb5 Be5 18. Qe3 Qc7 19. f4 Bg7 20. e5 b6 21. Rxd6 Rfd8 22. Rc6 Qb7 23. Bf3 Qa7 24. Qe2 Bf8 25. g4 Rab8 26. h4 Nd3 27. Bg3 Bc5+ 28. Kg2 Rd4 29. f5 Rbd8 30. fxe6 fxe6 31. Rxe6 Nxe5 32. Bxe5 Rd2 33. Re8+ Kf7 34. Bc6+ 1-0


[Site "https://www.chess.com"]

[Event "Titled Tuesday Blitz July 25 Early 2023"]
[White "Rosh Jain"]
[Black "Rahman, Masruri"]
[WhiteFideId "25789465"]
[BlackFideId "7101163"]
[WhiteElo "2421"]
[BlackElo "2783"]
[Result "1-0"]
[Round "1"]
[TimeControl "180+2"]
[Date "2023.07.25"]
[WhiteClock "0:00:04"]
[BlackClock "0:00:08"]
[Board "81"]

1. e4 e6 2. d4 d5 3. Nc3 Bb4 4. exd5 exd5 5. Bd3 Nc6 6. Ne2 Nge7 7. O-O Bf5 8. Bg5 f6 9. Bf4 Bxc3 10. bxc3 O-O 11. Rb1 b6 12. Ng3 Bxd3 13. cxd3 Qd7 14. Re1 Ng6 15. Bd2 f5 16. f4 Rae8 17. Qf3 Nd8 18. Nf1 c6 19. g3 Rxe1 20. Rxe1 Re8 21. Be3 Nb7 22. Nd2 Nd6 23. Qf2 Qb7 24. Nf3 Qa6 25. Qc2 Qa3 26. Ne5 Rc8 27. Bc1 Qa5 28. Qb3 Nxe5 29. Rxe5 Re8 30. Ba3 Rxe5 31. dxe5 Nb5 32. Bb4 Qa6 33. a4 Nc7 34. Bd6 Ne6 35. c4 Qa5 36. Bb4 Nc5 37. Bxc5 Qxc5+ 38. Kg2 Kf7 39. cxd5 cxd5 40. Kf3 Ke6 41. Qb2 a5 42. Qb3 h5 43. Qb2 g6 44. d4 Qc6 45. Ke3 Kd7 46. Kd2 Ke6 47. Qb3 Kd7 48. Kd3 Ke6 49. h3 Kd7 50. Ke2 Ke6 51. Kf3 Kd7 52. g4 hxg4+ 53. hxg4 Ke6 54. Kg3 Kd7 55. Kh4 fxg4 56. Kxg4 Qe6+ 57. Kg3 Kc6 58. Qb5+ Kb7 59. Qd3 Kc6 60. Qc2+ Kb7 61. Qb3 Qc6 62. Kf3 Qe6 63. Kf2 Qf7 64. Qe3 Qe6 65. Kg3 Kc6 66. Qd3 Kb7 67. Qb5 Qf7 68. Qb1 Qe6 69. Kh4 Qe7+ 70. Kg4 Qd7+ 71. Kg5 Qxa4 72. Kxg6 Qxd4 73. Qf5 a4 74. e6 Qh8 75. e7 Ka6 76. Kf7 Qb8 77. e8=Q Qc7+ 78. Kf8 Qc5+ 79. Qe7 a3 80. Qxc5 bxc5 81. Qxd5 Kb5 82. Qa2 Kb4 83. f5 c4 84. f6 c3 1-0


[Site "https://www.chess.com"]

[Event "Titled Tuesday Blitz July 25 Early 2023"]
[White "Nazari, Arad"]
[Black "Rietze, Clemens, Dr."]
[WhiteFideId "12577324"]
[BlackFideId "24620351"]
[WhiteElo "2780"]
[BlackElo "2421"]
[Result "1-0"]
[Round "1"]
[TimeControl "180+2"]
[Date "2023.07.25"]
[WhiteClock "0:00:10"]
[BlackClock "0:00:05"]
[Board "82"]

1. e4 c5 2. Nf3 Nc6 3. Bb5 e6 4. O-O Nge7 5. d4 cxd4 6. Nxd4 Ng6 7. Be3 Be7 8. Be2 a6 9. c4 O-O 10. Nc3 Rb8 11. b3 Qa5 12. Na4 b5 13. cxb5 Nxd4 14. Bxd4 axb5 15. Nc5 d6 16. Nd3 Bb7 17. Bf3 Nh4 18. Re1 Rbc8 19. Bg4 Rfe8 20. g3 Ng6 21. Bf3 Bd8 22. h4 Bb6 23. Bxb6 Qxb6 24. Bg2 Ne7 25. Qd2 Qd4 26. Red1 Nc6 27. Nf4 e5 28. Ne2 Qxd2 29. Rxd2 Red8 30. Rad1 Nb4 31. a3 Na6 32. Rxd6 Rxd6 33. Rxd6 Nc5 34. b4 Nxe4 35. Bxe4 Bxe4 36. Nc3 Bc6 37. Nd5 Kf8 38. Nb6 Rc7 39. Nd5 Rc8 40. f4 exf4 41. Nxf4 Ke7 42. Rd3 Ra8 43. Re3+ Kd7 44. Nd3 f6 45. Nc5+ Kd6 46. Kf2 Kd5 47. Ke2 Ra7 48. Kd2 Kc4 49. Rc3+ Kd5 50. Nd3 Kd6 51. Nc5 Re7 52. Rd3+ Kc7 53. Re3 Rf7 54. Kc3 Kb6 55. Kd4 Rc7 56. Re6 Rc8 57. Nd7+ Kc7 58. Nc5 Rd8+ 59. Ke3 Kb6 60. Re7 Ra8 61. Rxg7 Rxa3+ 62. Kf4 h5 63. Kf5 Rf3+ 64. Ke6 Rb3 65. Kxf6 Rxb4 66. Ne6 Rg4 67. Rxg4 hxg4 68. h5 Be4 69. Ng5 Bd3 70. Ke5 b4 71. Kd4 Bf5 72. h6 b3 73. Kc3 Kc5 74. h7 Bxh7 75. Nxh7 b2 76. Kxb2 Kd4 77. Nf6 Ke3 78. Kc3 Kf3 79. Nh5 Ke4 80. Kc4 Kf5 81. Kd4 Kg5 82. Nf4 Kf5 83. Kd5 Kg5 84. Ke5 1-0


[Site "https://www.chess.com"]

[Event "Titled Tuesday Blitz July 25 Early 2023"]
[White "Balla, Tamas-Kristof"]
[Black "Tristan, Leonardo"]
[WhiteFideId "1208497"]
[BlackFideId "113816"]
[WhiteElo "2419"]
[BlackElo "2779"]
[Result "0-1"]
[Round "1"]
[TimeControl "180+2"]
[Date "2023.07.25"]
[WhiteClock "0:00:04"]
[BlackClock "0:00:15"]
[Board "83"]

1. e4 d5 2. exd5 Qxd5 3. Nc3 Qa5 4. d4 Nf6 5. Bc4 Bg4 6. Nf3 Nc6 7. Be3 O-O-O 8. h3 Bh5 9. g4 Bg6 10. Qd2 e5 11. d5 Nb4 12. Bb3 Nbxd5 13. Nxd5 Qxd2+ 14. Bxd2 Nxd5 15. Nxe5 Re8 16. f4 Nxf4 17. Bxf4 Bd6 18. O-O-O Bxe5 19. Bxe5 Rxe5 20. Rhf1 f6 21. h4 h5 22. Rf4 hxg4 23. Rfd4 Bf5 24. h5 b5 25. Bf7 c6 26. a4 a6 27. axb5 axb5 28. c4 b4 29. Rd6 Kc7 30. R6d4 Rf8 31. Bg6 Be6 32. c5 Rxc5+ 33. Kb1 Rd5 34. Rxd5 cxd5 35. Rd4 Rb8 36. Kc2 Kd6 37. Rd3 f5 38. Re3 f4 39. Re1 f3 40. Kd3 f2 41. Rf1 g3 0-1


[Site "https://www.chess.com"]

[Event "Titled Tuesday Blitz July 25 Early 2023"]
[White "Priasmoro, Novendra"]
[Black "Zacurdajev, Dmitry"]
[WhiteFideId "7105029"]
[BlackFideId "4196309"]
[WhiteElo "2777"]
[BlackElo "2419"]
[Result "1-0"]
[Round "1"]
[TimeControl "180+2"]
[Date "2023.07.25"]
[WhiteClock "0:01:51"]
[BlackClock "0:00:04"]
[Board "84"]

1. e4 c6 2. Ne2 d5 3. exd5 cxd5 4. d4 Nc6 5. c3 Bg4 6. h3 Bh5 7. Qb3 Qd7 8. Nf4 Bg6 9. Qxd5 Qxd5 10. Nxd5 O-O-O 11. Nf4 e5 12. Nxg6 hxg6 13. dxe5 Nxe5 14. Bf4 Bd6 15. Be3 Kb8 16. Bc1 Nf6 17. Nd2 Bc5 18. Be2 g5 19. Nb3 Bb6 20. O-O Ne4 21. Nd4 Bxd4 22. cxd4 Rxd4 23. Be3 Rd7 24. Rfe1 f6 25. Bb5 Rc7 26. Bd4 Nd6 27. Bf1 Nec4 28. b3 Nb6 29. Rad1 Rc2 30. Bxb6 axb6 31. Rxd6 1-0


[Site "https://www.chess.com"]

[Event "Titled Tuesday Blitz July 25 Early 2023"]
[White "Baches Garcia, Guillermo"]
[Black "Wagner, Dennis"]
[WhiteFideId "2209764"]
[BlackFideId "24650684"]
[WhiteElo "2419"]
[BlackElo "2776"]
[Result "1/2-1/2"]
[Round "1"]
[TimeControl "180+2"]
[Date "2023.07.25"]
[WhiteClock "0:00:11"]
[BlackClock "0:00:03"]
[Board "85"]

1. e4 c5 2. Nf3 d6 3. d4 cxd4 4. Nxd4 Nf6 5. Nc3 a6 6. Be3 e5 7. Nb3 Be7 8. f3 Be6 9. Qd2 h5 10. Nd5 Nxd5 11. exd5 Bf5 12. Bd3 Bxd3 13. Qxd3 Bh4+ 14. g3 Be7 15. O-O-O Nd7 16. Kb1 O-O 17. Nd2 f5 18. f4 e4 19. Qe2 b5 20. Qxh5 Rc8 21. Nb3 Qc7 22. Rc1 Qc4 23. Rhd1 Rf7 24. Na5 Qc7 25. Nc6 Bf6 26. g4 fxg4 27. Qxg4 Re8 28. h4 Nb6 29. h5 Nxd5 30. Rxd5 Qxc6 31. Rcd1 Rc8 32. Qg2 Rfc7 33. R1d2 Qc4 34. Rxd6 Rc6 35. h6 Bxb2 36. Rd8+ Rxd8 37. Rxd8+ Kh7 38. Kxb2 Qc3+ 39. Kb1 Qb4+ 40. Kc1 Qe1+ 41. Kb2 Qb4+ 42. Kc1 Qe1+ 43. Kb2 Qb4+ 44. Kc1 1/2-1/2


[Site "https://www.chess.com"]

[Event "Titled Tuesday Blitz July 25 Early 2023"]
[White "Kantor, Gergely"]
[Black "i_like_explosions"]
[WhiteFideId "751499"]
[WhiteElo "2775"]
[BlackElo "2418"]
[Result "1-0"]
[Round "1"]
[TimeControl "180+2"]
[Date "2023.07.25"]
[WhiteClock "0:02:42"]
[BlackClock "0:01:53"]
[Board "86"]

1. e4 c5 2. Nf3 Nc6 3. Bb5 e6 4. O-O Nge7 5. Re1 a6 6. Bf1 d5 7. d3 d4 8. e5 Nd5 9. Nbd2 Be7 10. Ne4 b6 11. c4 dxc3 12. bxc3 Bb7 13. Rb1 Qc7 14. c4 Ndb4 15. a3 Nd5 16. cxd5 exd5 17. Nd6+ Kd7 18. Nxf7 1-0


[Site "https://www.chess.com"]

[Event "Titled Tuesday Blitz July 25 Early 2023"]
[White "Valgmae, Toomas"]
[Black "Atakhan, Abtin"]
[WhiteFideId "4502523"]
[BlackFideId "22502203"]
[WhiteElo "2416"]
[BlackElo "2772"]
[Result "1/2-1/2"]
[Round "1"]
[TimeControl "180+2"]
[Date "2023.07.25"]
[WhiteClock "0:00:41"]
[BlackClock "0:00:06"]
[Board "87"]

1. d4 Nf6 2. c4 g6 3. Nc3 Bg7 4. e4 d6 5. f3 O-O 6. Be3 c5 7. Nge2 Nc6 8. Qd2 Qa5 9. O-O-O cxd4 10. Nxd4 Bd7 11. Kb1 Rfc8 12. Nd5 Qd8 13. Be2 Ne5 14. Rc1 Rab8 15. Rhd1 Nc6 16. Rc3 Nxd5 17. cxd5 Nxd4 18. Bxd4 Bxd4 19. Qxd4 Qa5 20. Rdc1 b5 21. Rxc8+ Rxc8 22. Rxc8+ Bxc8 23. Qc3 Qd8 24. Qc6 Bd7 25. Qb7 Qa5 26. Kc2 Qa4+ 27. Kd2 b4 28. Bc4 a5 29. f4 Kf8 30. e5 Be8 31. Bb3 Qb5 32. Qxb5 Bxb5 33. Ke3 f6 34. Kd4 Bf1 35. g3 Ke8 36. a3 Kd7 37. Ba4+ Kc7 38. h4 h6 39. Be8 g5 40. hxg5 hxg5 41. Ba4 gxf4 42. gxf4 Bg2 43. axb4 axb4 44. Be8 Kb6 45. Ba4 fxe5+ 46. fxe5 dxe5+ 47. Kxe5 Kc5 48. Bb3 Bh3 49. Ba2 Bd7 50. Bb3 Bg4 51. Ba2 Bc8 52. Bb3 Bd7 53. Ba2 Bb5 54. Bb3 Bc4 55. Ba4 Bxd5 56. Bd1 Bc4 57. Bf3 Bf7 58. Be2 Bg8 59. Bf1 Bd5 60. Be2 e6 61. Bd3 Bc4 62. Bh7 Kb5 63. Kd4 Bd5 64. Bc2 Kc6 65. Ke5 Kc5 66. Bd3 Bc4 67. Be4 Bb3 68. Bd3 Ba2 69. Be2 Kc6 70. Bd3 Kc5 71. Be2 Bd5 72. Bd3 1/2-1/2


[Site "https://www.chess.com"]

[Event "Titled Tuesday Blitz July 25 Early 2023"]
[White "chessking0310"]
[Black "Pandey Srishti"]
[BlackFideId "35093290"]
[WhiteElo "2772"]
[BlackElo "2415"]
[Result "1-0"]
[Round "1"]
[TimeControl "180+2"]
[Date "2023.07.25"]
[WhiteClock "0:01:27"]
[BlackClock "0:01:18"]
[Board "88"]

1. e4 e5 2. Nf3 Nc6 3. Bb5 a6 4. Ba4 Nf6 5. d3 b5 6. Bb3 Bc5 7. Nc3 h6 8. Nd5 d6 9. c3 Bd7 10. h3 Na5 11. Nxf6+ Qxf6 12. Bc2 Bb6 13. d4 Nc4 14. O-O exd4 15. cxd4 O-O 16. b3 Na5 17. Be3 Nc6 18. Rc1 Rad8 19. Bb1 Rfe8 20. Kh2 Nb8 21. Qc2 Qg6 22. Qd2 Qf6 23. d5 Bxe3 24. fxe3 Rc8 25. Qd3 g6 26. Kg1 c5 27. Qd2 Qg7 28. Qf2 b4 29. Qg3 Bb5 30. Rf2 Rcd8 31. Nh2 a5 32. Ng4 Nd7 33. Qxd6 h5 34. Nf6+ Nxf6 35. Qxf6 Qxf6 36. Rxf6 a4 37. Rb6 Rb8 38. Rxb8 Rxb8 39. Rxc5 a3 40. Kf2 Ba6 41. Kf3 Kf8 42. Kf4 Ke7 43. e5 Bf1 44. Be4 Rg8 45. Rc7+ Ke8 46. Kg5 1-0


[Site "https://www.chess.com"]

[Event "Titled Tuesday Blitz July 25 Early 2023"]
[White "Vafin, Ayrat"]
[Black "Pakleza, Zbigniew"]
[WhiteFideId "4146530"]
[BlackFideId "1119290"]
[WhiteElo "2414"]
[BlackElo "2770"]
[Result "0-1"]
[Round "1"]
[TimeControl "180+2"]
[Date "2023.07.25"]
[WhiteClock "0:00:05"]
[BlackClock "0:01:11"]
[Board "89"]

1. d4 d6 2. Bf4 Nc6 3. e3 e5 4. dxe5 dxe5 5. Qxd8+ Kxd8 6. Bg3 Be6 7. Nc3 a6 8. Nf3 f6 9. Be2 Nge7 10. Rd1+ Kc8 11. h3 Nf5 12. Bh2 Bb4 13. a3 Bxc3+ 14. bxc3 Nd6 15. O-O Nb5 16. Bxb5 axb5 17. Ra1 Rd8 18. Rfe1 Ra4 19. Kf1 Rc4 20. Ke2 Rxc3 21. Red1 Rxc2+ 22. Ke1 Rxd1+ 23. Kxd1 Rxf2 24. Nh4 Rf1+ 0-1


[Site "https://www.chess.com"]

[Event "Titled Tuesday Blitz July 25 Early 2023"]
[White "Vakhlamov, Igor L."]
[Black "Yashmetov, Mikhail"]
[WhiteFideId "24126748"]
[BlackFideId "24198900"]
[WhiteElo "2770"]
[BlackElo "2414"]
[Result "1-0"]
[Round "1"]
[TimeControl "180+2"]
[Date "2023.07.25"]
[WhiteClock "0:00:18"]
[BlackClock "0:00:14"]
[Board "90"]

1. e4 c5 2. Nf3 Nc6 3. Nc3 e5 4. Bc4 d6 5. d3 Be7 6. h3 Nf6 7. Nh2 O-O 8. Ng4 Be6 9. Ne3 Nd4 10. O-O Rb8 11. a4 a6 12. Ncd5 b5 13. Nxf6+ Bxf6 14. Bd5 b4 15. c3 bxc3 16. bxc3 Nb3 17. Rb1 Nxc1 18. Qxc1 Bg5 19. Bxe6 fxe6 20. Qc2 Bxe3 21. fxe3 Qg5 22. Qe2 Rxf1+ 23. Rxf1 h6 24. Qf2 Qg6 25. a5 Kh7 26. Qa2 Qg5 27. Rf3 Qe7 28. Kh2 Kg8 29. Rf2 Rf8 30. Rxf8+ Kxf8 31. Qc4 Qg5 32. Qxa6 Qxe3 33. Qxd6+ Kf7 34. Qxe5 Qxd3 35. Qxc5 Qxe4 36. Qc7+ Kg6 37. a6 e5 38. Qb6+ Kh7 39. Qf2 Qa4 40. a7 Kg6 41. Qg3+ Kf6 42. Qf3+ 1-0


[Site "https://www.chess.com"]

[Event "Titled Tuesday Blitz July 25 Early 2023"]
[White "Dinu, Dumitru-Daniel"]
[Black "Prohaszka, Peter"]
[WhiteFideId "1208403"]
[BlackFideId "726265"]
[WhiteElo "2414"]
[BlackElo "2766"]
[Result "1-0"]
[Round "1"]
[TimeControl "180+2"]
[Date "2023.07.25"]
[WhiteClock "0:00:11"]
[BlackClock "0:00:02"]
[Board "91"]

1. d4 d5 2. c4 e6 3. Nc3 Nf6 4. cxd5 exd5 5. Bg5 c6 6. e3 Bf5 7. Qf3 Bg6 8. Bxf6 Qxf6 9. Qxf6 gxf6 10. h4 h5 11. Nh3 Nd7 12. Nf4 a5 13. Bd3 Bxd3 14. Nxd3 a4 15. Rh3 Bd6 16. Rf3 Ke7 17. Kd2 Rhg8 18. g3 Nb6 19. Kc2 Nc4 20. Re1 Rg6 21. Rf5 Rh6 22. e4 Kf8 23. exd5 cxd5 24. Nxd5 Rc8 25. Kd1 Kg7 26. N3f4 Nxb2+ 27. Ke2 Bxf4 28. Nxf4 Rc2+ 29. Kf1 Kh7 30. Re7 Kg8 31. Nxh5 Nd3 32. Nxf6+ Kf8 33. Re8+ Kg7 34. Rg8# 1-0


[Site "https://www.chess.com"]

[Event "Titled Tuesday Blitz July 25 Early 2023"]
[White "Rozman, Levy"]
[Black "Gracia Alvarez, Gerardo Antonio"]
[WhiteFideId "2039877"]
[BlackFideId "5109124"]
[WhiteElo "2763"]
[BlackElo "2411"]
[Result "1-0"]
[Round "1"]
[TimeControl "180+2"]
[Date "2023.07.25"]
[WhiteClock "0:00:04"]
[BlackClock "0:00:08"]
[Board "92"]

1. e4 c5 2. Nc3 Nc6 3. Bb5 Nd4 4. Nf3 e6 5. O-O a6 6. Bd3 Nc6 7. Nd5 Nge7 8. Re1 d6 9. Ne3 Ng6 10. c3 Be7 11. Bc2 e5 12. d4 cxd4 13. cxd4 O-O 14. d5 Nd4 15. Nxd4 exd4 16. Nf5 Bxf5 17. exf5 Ne5 18. Qxd4 Bf6 19. Qe4 Qb6 20. Qe3 Qb5 21. Qb3 Rfc8 22. Bf4 Qxb3 23. Bxb3 Nd3 24. Re4 Bxb2 25. Rd1 Nxf4 26. Rxf4 b5 27. h4 a5 28. Rb1 Be5 29. Re4 Rc5 30. a4 b4 31. g3 Rac8 32. Rbe1 Rc3 33. R1e3 h6 34. Kg2 Rxe3 35. Rxe3 Kf8 36. f4 Bf6 37. Kf3 Rc3 38. Ke4 Rxe3+ 39. Kxe3 Ke7 40. Kf3 Kd7 41. Ke4 Kc7 42. Kd3 Kb6 43. Kc4 h5 44. Bd1 g6 45. fxg6 fxg6 46. Bc2 Bc3 47. Bxg6 Be1 48. f5 Bxg3 49. f6 Bxh4 50. f7 Be7 51. Bxh5 Bf8 52. Bd1 Bg7 53. Bc2 Bf8 54. Kd4 Bg7+ 55. Ke4 Kc5 56. Bb3 Bf8 57. Ba2 Bg7 58. Kf5 Kd4 59. Kg6 Bf8 60. Kh7 Kc3 61. Kg8 Bh6 62. f8=Q Bxf8 63. Kxf8 b3 64. Bxb3 Kxb3 65. Ke7 Kxa4 66. Kxd6 Kb4 67. Kc6 a4 68. d6 a3 69. d7 a2 70. d8=Q a1=Q 71. Qd4+ Kb3 72. Qxa1 1-0


[Site "https://www.chess.com"]

[Event "Titled Tuesday Blitz July 25 Early 2023"]
[White "Krzywda, Andrzej"]
[Black "Khripachenko, Alexander"]
[WhiteFideId "1114565"]
[BlackFideId "54184975"]
[WhiteElo "2411"]
[BlackElo "2762"]
[Result "0-1"]
[Round "1"]
[TimeControl "180+2"]
[Date "2023.07.25"]
[WhiteClock "0:00:01"]
[BlackClock "0:00:39"]
[Board "93"]

1. e4 c5 2. Nf3 e6 3. d4 cxd4 4. Nxd4 Nc6 5. Bf4 Nf6 6. Nxc6 bxc6 7. Bd3 d5 8. Nd2 Be7 9. O-O O-O 10. Re1 a5 11. e5 Nd7 12. Qh5 g6 13. Qe2 Nc5 14. Nf3 Nxd3 15. cxd3 c5 16. h4 Ba6 17. h5 Rb8 18. b3 a4 19. Bh6 Re8 20. Rab1 axb3 21. axb3 Qa5 22. Ng5 Qc7 23. Qf3 Bd8 24. hxg6 fxg6 25. Rbc1 Bxg5 26. Bxg5 Rxb3 27. Re3 d4 28. Re4 Bxd3 29. Rf4 Bc4 30. Qe4 Bd5 31. Qxd4 Rb1 32. Qd1 Rxc1 33. Qxc1 Qxe5 34. Bf6 Qd6 35. Qe3 e5 36. Rf3 Bxf3 37. Qxf3 c4 38. Bg5 Rf8 0-1


[Site "https://www.chess.com"]